 Dungeon Crawl Stone Soup version 0.18.1-5-g4a78601 (webtiles) character file.

40 oplop the Changer (level 3, -1/23 HPs)
             Began as an Octopode Transmuter on May 9, 2016.
             Shot with a stone by a goblin (5 damage)
             ... on level 2 of the Dungeon.
             The game lasted 00:01:31 (1076 turns).

oplop the Changer (Octopode Transmuter)             Turns: 1076, Time: 00:01:32

Health: -1/23      AC:  1    Str:  9    XL:     3   Next: 50%
Magic:  6/6        EV: 12    Int: 16    God:
Gold:   79         SH:  0    Dex: 12    Spells: 1 memorised, 6 levels left

rFire  . . .     SeeInvis .       - Unarmed
rCold  . . .     Gourm    .     (no shield)
rNeg   . . .     Faith    .     (helmet restricted)
rPois  .         Spirit   .     (no amulet)
rElec  .         Dismiss  .     (no ring)
rCorr  .         Reflect  .     (no ring)
SustAt .         Harm     .     (no ring)
MR     .....                    (no ring)
Stlth  ++........               (no ring)
                                (no ring)
                                (no ring)
                                (no ring)

@: appendage (expiring), drained, not resistant to hostile enchantments,
unstealthy
A: almost no armour, amphibious, 8 rings, constrict 8, tentacle spike 3,
camouflage 1, gelatinous body 1
a: End Transformation


You were on level 2 of the Dungeon.
You were hungry.
One of your tentacles had a temporary spike.
You visited 1 branch of the dungeon, and saw 2 of its levels.

You collected 79 gold pieces.

Inventory:

Missiles
 a - 68 arrows
Jewellery
 j - an uncursed ring of fire
Scrolls
 d - a scroll of identify {unknown}
 f - a scroll of remove curse {unknown}
 k - a scroll of magic mapping {unknown}
Potions
 e - a potion of berserk rage {unknown}
 g - 2 potions of heal wounds {unknown}
 h - a potion of agility {unknown}
 i - a potion of brilliance {unknown}
Books
 b - a book of Changes

   Spells                             Type                      Level
   a - Beastly Appendage              Transmutation                1
   b - Sticks to Snakes               Transmutation                2
   c - Spider Form                    Transmutation/Poison         3
   d - Ice Form                       Ice/Transmutation            4
   e - Blade Hands                    Transmutation                5
Comestibles
 c - 2 bread rations


   Skills:
 - Level 1.0(0.9) Fighting
 - Level 2.0(1.9) Dodging
 - Level 3.0(2.9) Unarmed Combat
 + Level 2.5 Spellcasting
 * Level 3.3(3.2) Transmutations


You had 6 spell levels left.
You knew the following spells:

 Your Spells              Type           Power        Failure   Level  Hunger
a - Beastly Appendage     Trmt           ##....       8%          1    #......


Dungeon Overview and Level Annotations

Branches:
Dungeon (2/15)

Altars:


Innate Abilities, Weirdness & Mutations

You cannot wear most types of armour.
You are amphibious.
You can wear up to eight rings at the same time.
You can use your tentacles to constrict eight enemies at once.
Your skin changes colour to match your surroundings (Stealth).
Your rubbery body absorbs attacks (AC +1).
One of your tentacles bears a large vicious spike.


Message History

The stone hits you but does no damage.
A kobold comes into view. It is wielding a short sword.
You see here a stone.
You catch the helpless goblin momentarily off-guard.
You tentacle-slap the goblin. You grab the goblin.
You pierce the goblin, but do no damage.
The goblin is severely wounded.
You constrict the goblin.
You kill the goblin!
The goblin shoots a stone.
The stone hits you but does no damage.
Found 3 tomahawks.
You see here a club.
Your transformation is almost over.
The goblin shoots a stone.
The stone hits you.
* * * LOW HITPOINT WARNING * * *
You see here a stone.
You tentacle-slap the kobold.
You kill the kobold!
The goblin shoots a stone.
The stone hits you.
You die...

#...###....##.....
#.### #.#.###..... #
#.# #.#.# #.....
#(#.#####.#.###.....
#.#.................
#..(......#.###.....
###).##.............
#..##.##.####.....
#@.##. ... #)####
#).##[#..# #.#
#..##.#### #.# #.g#
#.# #... #.#
#.##.########.#
#.##......<...#
#.#..#.########


You could see a goblin.

Vanquished Creatures
  A dart slug (D:1)
  A giant gecko (D:1)
  3 goblins
  8 hobgoblins
  9 kobolds
  A quokka (D:2)
  6 bats
  4 giant newts (D:1)
33 creatures vanquished.

Notes
Turn   | Place    | Note
--------------------------------------------------------------
     0 | D:1      | oplop the Octopode Transmuter began the quest for the Orb.
     0 | D:1      | Reached XP level 1. HP: 13/13 MP: 3/3
   184 | D:1      | Reached XP level 2. HP: 18/18 MP: 1/5
   659 | D:1      | Reached XP level 3. HP: 20/23 MP: 4/6
  1076 | D:2      | Shot with a stone by a goblin

Skill      XL: |  1  2 |
---------------+-------+-----
Transmutations | 3 |  3.3
Fighting       | |  1.0
Dodging        | |  2.0
Unarmed Combat | |  3.0
Spellcasting   | |  2.5

Action                   || total
-------------------------++-------
Melee: Unarmed           ||    60
       Constrict         ||    23
       Tentacles         ||     6
       Kick              ||     4
       Punch             ||     1
 Cast: Beastly Appendage ||    14
 Stab: Sleeping          ||     3
       Distracted        ||     1
Armor: Skin              ||     5
Dodge: Dodged            ||    25
